AoeStats
← dima_togy

Arena

508613284Analyzed
1v1 RM · 8d ago on Sep 23, 2026· 35m 13s· 2 players
Game mode
Random Map
Map size
Tiny (2 player)
Population
200
Speed
Normal
Resources
Standard
Victory
Conquest
Starting age
Dark Age
Ending age
Imperial Age
RankedLock teamsTeams togetherTeam positionsShared explorationLock speedFull tech treeHidden civsTurbo modeCheats
Victory
Defeat
🇮🇳 Malay · India
1402
+17
🇦🇲 Burgundians · Armenia
1420
-17
saksham
11:11 Feudal Age
14:26 Castle Age
12:35 Double-Bit Axe
12:41 Horse Collar
18:43 Bow Saw
22:19 Wheelbarrow
22:02 Heavy Plow
23:05 Loom
23:24 Gold Mining
23:24 Town Watch
23:37 Pikeman
25:01 Squires
28:42 Imperial Age
26:40 Forging
26:20 Fletching
27:07 Scale Barding Armor
27:59 Bodkin Arrow
29:35 Chemistry
28:55 Ballistics
28:30 Guard Tower
28:52 Masonry
28:23 Treadmill Crane
28:56 Husbandry
30:30 Iron Casting
31:57 Conscription
31:46 Light Cavalry
33:27 Bombard Tower
33:43 Keep
33:14 Siege Engineers
33:42 Bracer
33:43 Padded Archer Armor
dima_togy
6:28 Double-Bit Axe
8:08 Horse Collar
8:33 Loom
12:03 Feudal Age
13:06 Bow Saw
16:28 Castle Age
18:36 Two-Man Saw
18:28 Wheelbarrow
17:30 Light Cavalry
20:54 Hand Cart
22:27 Heavy Plow
23:16 Stone Mining
25:03 Gold Mining
30:17 Imperial Age
28:57 Padded Archer Armor
28:48 Fletching
29:19 Scale Barding Armor
28:53 Elite Skirmisher
29:39 Husbandry
29:00 Cavalier
29:57 Leather Archer Armor
29:45 Loom
30:37 Bodkin Arrow
30:51 Burgundian Vineyards
34:29 Chemistry
33:50 Ballistics
Connection lost

Rejoining the realm…

Still unreachable

The connection could not be restored.

Session expired

The server has moved on; the page needs a fresh start.